 Dungeon Crawl Stone Soup version 0.26.1-10-gdfb7c7de75 (webtiles) character file.

Game seed: 14743118775942344080

1670 tardwrangler69 the Skirmisher (level 9, 0/50 HPs)
             Began as a Vine Stalker Fighter on Apr 9, 2021.
             Was a Priest of Okawaru.
             Killed from afar by an orc wizard (7 damage)
             ... with a puff of flame
             ... on level 6 of the Dungeon.
             The game lasted 00:05:15 (4429 turns).

tardwrangler69 the Skirmisher (VSFi)                Turns: 4429, Time: 00:05:15

Health: 0/50       AC: 13    Str: 21    XL:     9   Next: 1%
Magic:  0/12       EV: 11    Int:  8    God:    Okawaru [***...]
Gold:   254        SH: 11    Dex: 15    Spells: 8/8 levels left

rFire    . . .     SeeInvis .   a - +0 rapier
rCold    . . .     Faith    +   c - +0 kite shield
rNeg     . . .     Spirit   +   b - +0 scale mail
rPois    .         Reflect  .   w - +0 helmet
rElec    .         Harm     .   r - +0 cloak
rCorr    .         Rampage  .   (no gloves)
Will     +....                  q - +1 pair of boots
Stlth    ++........             j - amulet of faith
HPRegen  0.56/turn              (no ring)
MPRegen  0.13/turn              (no ring)

@: heroism
A: fangs 3, regeneration 1, magic shield, antimagic bite, no potion heal 3
a: Renounce Religion, Heroism


You were on level 6 of the Dungeon.
You worshipped Okawaru.
Okawaru was most pleased with you.
You visited 2 branches of the dungeon, and saw 7 of its levels.

You collected 254 gold pieces.

Inventory:

Hand Weapons
 a - a +0 rapier (weapon)
Armour
 b - a +0 scale mail (worn)
 c - a +0 kite shield (worn)
 q - a +1 pair of boots (worn)
 r - a +0 cloak (worn)
 w - a +0 helmet (worn)
Jewellery
 j - an amulet of faith (around neck)
 t - an uncursed ring of protection from fire
Scrolls
 e - 4 scrolls of remove curse
 h - a scroll of fog {unknown}
 i - a scroll of fear {unknown}
 k - 2 scrolls of magic mapping {unknown}
 o - a scroll of immolation {unknown}
 p - 5 scrolls of teleportation {unknown}
 s - 6 scrolls of identify {unknown}
 v - a scroll of noise {unknown}
 x - a scroll of blinking {unknown}
 y - a scroll of enchant weapon {unknown}
Potions
 d - 3 potions of might
 f - 4 potions of curing
 g - 3 potions of brilliance {unknown}
 l - 2 potions of mutation {unknown}
 m - 2 potions of lignification {unknown}
 n - 2 potions of heal wounds {unknown}
 u - a potion of berserk rage {unknown}


   Skills:
 * Level 7.2(12.2) Fighting
 * Level 6.9(11.9) Short Blades
 - Level 2.4(7.4) Armour
 - Level 2.6(7.6) Shields
 + Level 3.8 Invocations


You had 8 spell levels left.
You didn't know any spells.
Your spell library contained the following spells:

 Spells                   Type           Power        Failure   Level
 Animate Skeleton         Necr           0%           95%         1
 Apportation              Tloc           0%           95%         1
 Corona                   Hex            0%           95%         1
 Summon Small Mammal      Summ           0%           95%         1


Dungeon Overview and Level Annotations

Branches:
Dungeon (6/15)             Temple (1/1) D:4

Altars:
Ashenzari
Elyvilon
Fedhas
Gozag
Hepliaklqana
Kikubaaqudgha
Makhleb
Nemelex Xobeh
Okawaru
Ru
Sif Muna
Trog
Vehumet
Wu Jian
Xom
Zin
The Shining One

Shops:
D:5 [


Innate Abilities, Weirdness & Mutations

You have razor-sharp teeth.
Your natural rate of healing is unusually fast.
When hurt, damage is shared between your health and your magic reserves.
Your bite disrupts and absorbs the magic of your enemies.
Potions cannot restore your health.


Message History

The orc warrior is severely wounded.
You hit the orc warrior but do no damage.
Your bite misses the orc warrior.
The orc warrior is severely wounded.
The orc warrior hits you but does no damage.
You puncture the orc warrior!
You kill the orc warrior!
Okawaru accepts your kill.
The orc priest calls down the wrath of Beogh upon you.
Beogh smites you!
* * * LOW HITPOINT WARNING * * *
You have reached level 9!
Your experience leads to an increase in your attributes!
Increase (S)trength, (I)ntelligence, or (D)exterity?
You feel stronger.
You hit the orc wizard but do no damage.
Your bite misses the orc wizard.
The orc wizard gestures at you while chanting.
The puff of flame hits you!
You die...

### ..# #.. #.#
#.#
#.#############
#>@............
#o####.########
#o#..#.#
#o#....#
#o##.###
..#....#
...####.# ...!#
#.### .....#
#...#


You could see an orc priest, an orc wizard and 2 orcs.

Vanquished Creatures
  Sigmund (D:4)
  Edmund (D:4)
  A sky beast (D:5)
  2 orc warriors (D:6)
  A necrophage (D:5)
  A phantom (D:4)
  2 ogres
  A wyvern zombie (D:5)
  A howler monkey (D:5)
  An orc priest (D:5)
  4 hounds
  An iguana (D:5)
  3 worker ants
  7 orc wizards
  6 gnolls
  5 adders
  An ufetubus (D:5)
  2 oozes
  2 adder skeletons (D:4)
  A worm (D:4)
  6 dart slugs
  2 leopard geckos (D:1)
  20 orcs
  6 bats
  7 giant cockroaches
  8 goblins
  7 hobgoblins
  13 kobolds
  3 quokkas
  2 ball pythons (D:2)
  3 frilled lizards
  A leopard gecko skeleton (D:4)
  12 rats
134 creatures vanquished.

Notes
Turn   | Place    | Note
-------+----------+-------------------------------------------
     0 | D:1      | tardwrangler69 the Vine Stalker Fighter began the quest for
                  | the Orb.
     0 | D:1      | Reached XP level 1. HP: 11/11 MP: 2/2
    70 | D:1      | Reached skill level 3 in Fighting
    70 | D:1      | Reached XP level 2. HP: 4/16 MP: 3/3
   690 | D:1      | Reached XP level 3. HP: 18/20 MP: 2/4
  1085 | D:2      | Gained mutation: Your natural rate of healing is unusually
                  | fast. [Vine Stalker growth]
  1085 | D:2      | Reached XP level 4. HP: 22/25 MP: 5/5
  1347 | D:2      | Found an ancient bone altar of Kikubaaqudgha.
  1429 | D:2      | Found a shimmering blue altar of Sif Muna.
  1895 | D:3      | Found a blossoming altar of Fedhas.
  2045 | D:3      | Reached skill level 4 in Fighting
  2046 | D:3      | Reached XP level 5. HP: 21/29 MP: 6/6
  2293 | D:4      | Noticed an ogre
  2301 | D:3      | Killed an ogre
  2306 | D:3      | Reached XP level 6. HP: 6/34 MP: 1/7
  2412 | D:4      | Found a staircase to the Ecumenical Temple.
  2432 | Temple   | Entered the Ecumenical Temple
  2646 | Temple   | Became a worshipper of Warmaster Okawaru
  2734 | D:4      | Found a sparkling altar of Nemelex Xobeh.
  2784 | D:4      | Noticed Sigmund
  2796 | D:4      | Killed Sigmund
  2796 | D:4      | Reached * piety under Okawaru
  2797 | D:4      | Reached skill level 5 in Fighting
  2797 | D:4      | Reached skill level 1 in Invocations
  2797 | D:4      | Reached XP level 7. HP: 28/39 MP: 6/8
  2928 | D:4      | Noticed Edmund
  2951 | D:4      | Killed Edmund
  2952 | D:4      | Reached skill level 5 in Short Blades
  3084 | D:4      | Found a shimmering altar of Xom.
  3276 | D:4      | Reached ** piety under Okawaru
  3535 | D:4      | Found a sacrificial altar of Ru.
  3585 | D:5      | Entered Level 5 of the Dungeon
  3618 | D:5      | Reached skill level 6 in Fighting
  3618 | D:5      | Gained mutation: You have razor-sharp teeth. [Vine Stalker
                  | growth]
  3618 | D:5      | Reached XP level 8. HP: 44/44 MP: 10/10
  3914 | D:5      | Reached *** piety under Okawaru
  4165 | D:5      | Found a white marble altar of Elyvilon.
  4263 | D:5      | Found Eliher's Armour Shop.
  4320 | D:5      | Found a broken altar of Ashenzari.
  4408 | D:6      | Reached skill level 7 in Fighting
  4428 | D:6      | Reached XP level 9. HP: 6/50 MP: 1/12
  4429 | D:6      | Killed from afar by an orc wizard

Illustrated notes

Levels and vault maps discovered:
D:1:      doesnt_arrival_eight_statues, layout_rooms, minmay_indecisive_spiral
D:2:      layout_basic, lemuel_coloured_pillars_altar,
          nicolae_overflow_crystal_walls, st_stairs_8
D:3:      layout_basic, fedhas_altar_fruit_tree, kennysheep_boxes
D:4:      layout_cave_pods, nicolae_ru_path_of_blood,
          nemelex_xobeh_ov_fountains_minmay, lemuel_doored_altar,
          minmay_temple_entry_grid, uniq_edmund, uniq_sigmund
D:5:      layout_rooms, kennysheep_mini, kennysheep_mini_moat, serial_shops,
          nicolae_shop_behind_doors
D:6:      layout_basic
Temple:   grunt_temple_mini_profane

Skill      XL: |  1  2  3  4  5  6  7  8 |
---------------+-------------------------+-----
Short Blades   | 2 3 4 5 6 |  6.9
Fighting       | 3 4 5 6 7 |  7.2
Invocations    | 1 2 3 |  3.8
Armour         | |  2.4
Shields        | |  2.6

Action                   |  1- 3 |  4- 6 |  7- 9 || total
-------------------------+-------+-------+-------++-------
Melee: Rapier            |    96 |   121 |   215 ||   432
       Bite              |    19 |    37 |    82 ||   138
Invok: Heroism           |       |       |     3 ||     3
  Use: Scroll            |     1 |       |       ||     1
       Potion            |       |       |     1 ||     1
Armor: Scale mail        |    35 |    45 |    88 ||   168
       Ring mail         |     2 |       |       ||     2
Dodge: Dodged            |    39 |    34 |    59 ||   132
Block: Kite shield       |    56 |    55 |    98 ||   209
